 Dungeon Crawl Stone Soup version 0.28-a0-1334-g1c9ffb4daf (webtiles) character file.

Game seed: 9289066355553355716

100 Grim the Poker (level 5, -8/41 HPs)
             Began as a Formicid Fighter on Dec 28, 2021.
             Mangled by an orc warrior (17 damage)
             ... on level 4 of the Dungeon.
             The game lasted 00:04:36 (3519 turns).

Grim the Poker (Formicid Fighter)                   Turns: 3519, Time: 00:04:37

Health: -8/41      AC:  6    Str: 23    XL:     5   Next: 3%
Magic:  5/5        EV:  6    Int:  7    God:
Gold:   81         SH: 12    Dex: 10    Spells: 4/4 levels left

rFire   . . .      SeeInvis +   a - +0 trident
rCold   . . .      Faith    .   i - +0 tower shield
rNeg    . . .      Spirit   .   b - +0 scale mail
rPois   .          Reflect  .   (helmet unavailable)
rElec   .          Harm     .   (no cloak)
rCorr   .          Rampage  .   (no gloves)
Will    .....                   (no boots)
Stlth   ..........              (no amulet)
HPRegen 0.13/turn               (no ring)
MPRegen 0.09/turn               (no ring)

@: mighty
A: permanent stasis, dig shafts and tunnels, antennae 3, four strong arms
a: Dig, Shaft Self


You were on level 4 of the Dungeon.
You visited 1 branch of the dungeon, and saw 4 of its levels.

You collected 81 gold pieces.

Inventory:

Hand Weapons
 a - a +0 trident (weapon)
Armour
 b - a +0 scale mail (worn)
 c - a +0 buckler
 i - a +0 tower shield (worn)
Jewellery
 g - an amulet of magic regeneration
 q - a ring of protection from fire
 s - a +4 ring of slaying
 t - a ring of wizardry
Wands
 p - a wand of flame (12)
Scrolls
 e - a scroll of magic mapping {unknown}
 k - 2 scrolls of immolation {unknown}
 n - 2 scrolls of teleportation {unknown}
 o - a scroll of summoning {unknown}
 w - a scroll of identify {unknown}
Potions
 f - a potion of mutation {unknown}
 h - a potion of lignification {unknown}
 j - a potion of curing {unknown}
 l - a potion of cancellation {unknown}
 m - a potion of flight
 r - a potion of magic {unknown}
 u - a potion of attraction {unknown}
 v - a potion of haste {unknown}


   Skills:
 - Level 3.2 Fighting
 * Level 4.4 Polearms
 - Level 3.2 Armour
 + Level 4.1 Shields


You had 4 spell levels left.
You didn't know any spells.
Your spell library contained the following spells:

 Spells                   Type           Power      Damage    Failure   Level
 Apportation              Tloc           0%         N/A       100%        1
 Sublimation of Blood     Necr           0%         N/A       100%        2
 Wereblood                Tmut           0%         N/A       100%        2
 Alistair's Intoxication  Tmut/Pois      0%         N/A       100%        5
 Summon Hydra             Summ           0%         N/A       100%        7


Dungeon Overview and Level Annotations

Branches:
Dungeon (4/15)
 Temple: D:4-7

Altars:
Elyvilon
Makhleb
Sif Muna
Zin

Shops:
D:3 (?


Innate Abilities, Weirdness & Mutations

You cannot be hasted, slowed, berserked, paralysed or teleported.
You can dig through walls and to a lower floor.
You have a pair of large antennae on your head. (SInv)
Your four strong arms can wield two-handed weapons with a shield.


Message History

There is a large open door here.
There is an open door here.
There is a stone staircase leading down here.
You climb downwards.
You sense a monster nearby.
There is a stone staircase leading up here.
An orc comes into view. It is wielding a +0 club.
The orc shouts!
You hear a shout!
The orc moves out of view.
You hear a shout!
An orc warrior comes into view. It is wielding a +0 vorpal war axe.
You feel very mighty all of a sudden.
There is a stone staircase leading up here.
You closely miss the orc warrior. You block the orc warrior's attack.
The orc barely misses you. You block the orc warrior's attack.
The orc hits you with a +0 club.
You hit the orc warrior.
The orc warrior is lightly wounded.
An orc comes into view. It is wielding a +0 dagger.
An orc comes into view. It is wielding a +0 club.
You block the orc warrior's attack. You block the orc's attack.
You closely miss the orc warrior.
The orc warrior is lightly wounded.
The orc shouts!
You block the orc warrior's attack. You block the orc's attack.
The orc warrior barely misses you. The orc hits you with a +0 club.
You completely miss the orc warrior.
The orc warrior is lightly wounded.
The orc hits you but does no damage.
The orc warrior hits you with a +0 vorpal war axe!
You block the orc's attack.
You puncture the orc warrior!
The orc warrior is moderately wounded.
The orc hits you but does no damage.
The orc warrior hits you with a +0 vorpal war axe!
* * * LOW HITPOINT WARNING * * *
x2 The orc hits you but does no damage.
The orc hits you with a +0 club.
* * * LOW HITPOINT WARNING * * *
The orc warrior hits you with a +0 vorpal war axe!
You die...

#########
.......@##.#.##
#####.oooo.....
#.#.##.#.##
#..#. # ... #.o
##.. ## ...
.... .....


You could see an orc warrior and 3 orcs.

Vanquished Creatures
  3 adders
  A worm (D:3)
  2 dart slugs
  4 orcs
  6 bats
  4 endoplasms
  4 giant cockroaches (D:1)
  5 goblins
  4 hobgoblins
  3 jackals (D:1)
  A quokka (D:1)
  3 ball pythons
  3 frilled lizards
  9 kobolds
  6 rats
58 creatures vanquished.

Vanquished Creatures (others)
  A plant (D:3)
1 creature vanquished.

Grand Total: 59 creatures vanquished

Notes
Turn   | Place    | Note
-------+----------+-------------------------------------------
     0 | D:1      | Grim the Formicid Fighter began the quest for the Orb.
     0 | D:1      | Reached XP level 1. HP: 18/18 MP: 1/1
   253 | D:1      | Reached XP level 2. HP: 24/24 MP: 2/2
   410 | D:1      | Reached XP level 3. HP: 15/29 MP: 3/3
  1348 | D:2      | Reached XP level 4. HP: 32/34 MP: 4/4
  1745 | D:2      | Found a faded altar of an unknown god.
  2027 | D:3      | Found a glowing silver altar of Zin.
  2177 | D:3      | Found Wicec's Weapon Shop.
  2685 | D:2      | Reached XP level 5. HP: 12/41 MP: 5/5
  2935 | D:3      | Found Ipnowaax's Magic Scroll Boutique.
  2963 | D:3      | Found a white marble altar of Elyvilon.
  2963 | D:3      | Found a shimmering blue altar of Sif Muna.
  2963 | D:3      | Found a burning altar of Makhleb.
  3510 | D:4      | Noticed an orc warrior
  3519 | D:4      | Mangled by an orc warrior

Illustrated notes

Levels and vault maps discovered:
D:1:      matt_arrival_spirals, layout_basic, minmay_indecisive_spiral
D:2:      layout_basic, hellmonk_ecumenical_altar_arch_garden
D:3:      wad_lake_hut, layout_basic, zin_academy,
          gammafunk_temple_overflow_claw, serial_shops,
          nicolae_shop_hallway_plus, nicolae_shop_advertising_works
          [nicolae_subvault_shop_adworks], chequers_big_river, minivault_19
D:4:      layout_loops_ring

Skill      XL: |  1  2  3  4 |
---------------+-------------+-----
Polearms       | 3 4 |  4.4
Shields        | 4 |  4.1
Fighting       | |  3.2
Armour         | |  3.2

Action                   |  1- 3 |  4- 6 || total
-------------------------+-------+-------++-------
Melee: Trident           |   105 |    98 ||   203
 Abil: Dig               |       |     1 ||     1
  Use: Potion            |       |     3 ||     3
Armor: Scale mail        |    31 |    29 ||    60
Dodge: Dodged            |    29 |    25 ||    54
Block: Buckler           |    15 |       ||    15
       Tower shield      |    19 |    89 ||   108

Table legend: (Time is in decaauts)
 A = Elapsed time spent in this place.
 B = Non-inter-level travel time spent in this place.
 C = Inter-level travel time spent in this place.
 D = Time resting spent in this place.
 E = Time spent auto-exploring this place.
 F = Levels seen in this place.
 G = Mean time per level.
                   A        B        C        D        E       F      G
               +--------+--------+--------+--------+--------+-----+--------+
         Total |   3642 |   3527 |    115 |    696 |   2235 |   4 |  910.5 |
       Dungeon |   3642 |   3527 |    115 |    696 |   2235 |   4 |  910.5 |
               +--------+--------+--------+--------+--------+-----+--------+

Top non-repeatable levels by time:
     D:3: 1318 daAuts
     D:1: 1283 daAuts
     D:2: 1027 daAuts
     D:4: 12 daAuts
